 Dungeon Crawl Stone Soup version 0.29.1-2-gbd0b4ee654 (webtiles) character file.

Game seed: 11938609271885377601

102 MTVSty1e the Chopper (level 4, -6/41 HPs)
             Began as a Minotaur Fighter on Oct 24, 2022.
             Mangled by a gnoll sergeant
             ... wielding a +2 trident of freezing
              (11 damage)
             ... on level 3 of the Dungeon.
             The game lasted 00:02:44 (2379 turns).

MTVSty1e the Chopper (Minotaur Fighter)             Turns: 2379, Time: 00:02:45

Health: -6/41      AC: 15    Str: 22    XL:     4   Next: 49%
Magic:  3/3        EV:  6    Int:  5    God:
Gold:   174        SH:  4    Dex: 10    Spells: 3/3 levels left

rFire   . . .      SeeInvis .   a - +0 war axe
rCold   . . .      Faith    .   c - +0 buckler
rNeg    . . .      Spirit   .   f - +0 plate armour
rPois   .          Reflect  .   (helmet restricted)
rElec   .          Harm     .   r - +0 cloak
rCorr   .          Rampage  .   v - +0 pair of gloves
Will    .....                   w - +0 pair of boots
Stlth   ..........              (no amulet)
HPRegen 0.13/turn               (no ring)
MPRegen 0.08/turn               (no ring)

@: mighty
A: horns 2, retaliatory headbutt
a: no special abilities


You were on level 3 of the Dungeon.
You visited 1 branch of the dungeon, and saw 3 of its levels.

You collected 174 gold pieces.

Inventory:

Hand Weapons
 a - a +0 war axe (weapon)
 y - a +4 hand axe
Armour
 b - a +0 scale mail
 c - a +0 buckler (worn)
 f - a +0 plate armour (worn)
 r - a +0 cloak (worn)
 v - a +0 pair of gloves (worn)
 w - a +0 pair of boots (worn)
Jewellery
 p - an amulet of guardian spirit
Scrolls
 e - a scroll of amnesia {unknown}
 i - 2 scrolls of teleportation {unknown}
 l - 2 scrolls of identify {unknown}
 m - 2 scrolls of fear {unknown}
 n - a scroll of noise {unknown}
 o - a scroll of vulnerability {unknown}
 q - a scroll of enchant armour {unknown}
 s - a scroll of immolation {unknown}
 x - a scroll of poison {unknown}
Potions
 g - a potion of invisibility {unknown}
 h - a potion of berserk rage {unknown}
 j - 6 potions of heal wounds {unknown}
 k - a potion of curing {unknown}
 t - a potion of degeneration {unknown}
 u - a potion of flight {unknown}


   Skills:
 + Level 4.7 Fighting
 * Level 4.9 Axes
 - Level 3.6 Armour
 - Level 3.6 Shields


You had 3 spell levels left.
You didn't know any spells.
Your spell library was empty.

Dungeon Overview and Level Annotations

Branches:
Dungeon (3/15)

Altars:
Elyvilon
Kikubaaqudgha

Annotations:
D:3 3 runed translucent doors, diceflayer's ghost, weakling DsFi


Innate Abilities, Weirdness & Mutations

You have a pair of horns on your head.
You reflexively headbutt those who attack you in melee.


Message History

You see here a +4 hand axe.
y - a +4 hand axe The gnoll sergeant shouts!
You slash the gnoll! You headbutt the gnoll.
You kill the gnoll!
Things that are here:
a +0 whip; a gnoll corpse
Found the +3 woodcutter's axe {vorpal}.
The gnoll closely misses you.
The gnoll sergeant hits you from afar with a +2 trident of freezing.
The gnoll sergeant freezes you.
You hit the gnoll.
The gnoll is moderately wounded.
The gnoll hits you with a +0 whip. You block the gnoll sergeant's attack.
You closely miss the gnoll.
The gnoll is moderately wounded.
You block the gnoll's attack. You block the gnoll sergeant's attack.
You slash the gnoll!
You kill the gnoll!
The gnoll sergeant hits you from afar with a +2 trident of freezing.
The gnoll sergeant freezes you.
Found a hand axe.
The gnoll sergeant hits you with a +2 trident of freezing.
The gnoll sergeant freezes you.
You are too injured to fight recklessly!
You are too injured to fight recklessly!
You are too injured to fight recklessly!
You are too injured to fight recklessly!
You are too injured to fight recklessly!
You are too injured to fight recklessly!
You are too injured to fight recklessly!
Unknown command.
Okay, then.
You feel very mighty all of a sudden.
The gnoll sergeant hits you with a +2 trident of freezing!
* * * LOW HITPOINT WARNING * * *
The gnoll sergeant freezes you.
* * * LOW HITPOINT WARNING * * *
You closely miss the gnoll sergeant. You block the gnoll sergeant's attack.
The gnoll sergeant hits you with a +2 trident of freezing!
You die...

####.######## #.
♣♣♣♣♣ #....##
##. ♣)...♣
####..# #..
#####..♣♣♣ ##.#
#.# #...#..).♣♣♣
#.# #..
#...#.♣....♣♣#.#
###
.)..'..).......#
#
#...#..♣.).♣♣###
# #.g@?♣♣♣ #
#..♣♣♣ # ...)♣ #
♣♣♣♣♣ # # # # ##
#.


You could see a gnoll sergeant.

Vanquished Creatures
  Jessica (D:3)
  2 adders (D:3)
  2 gnolls (D:3)
  An orc (D:3)
  2 ball pythons
  An endoplasm (D:3)
  2 giant cockroaches
  7 goblins
  A hobgoblin (D:3)
  6 jackals
  A kobold (D:2)
  A bat (D:1)
  6 frilled lizards
  4 rats
37 creatures vanquished.

Notes
Turn   | Place    | Note
-------+----------+-------------------------------------------
     0 | D:1      | MTVSty1e the Minotaur Fighter began the quest for the Orb.
     0 | D:1      | Reached XP level 1. HP: 19/19 MP: 0/0
   292 | D:1      | Reached XP level 2. HP: 26/27 MP: 1/1
  1323 | D:2      | Found an ancient bone altar of Kikubaaqudgha.
  1511 | D:3      | Found a runed translucent gate.
  1513 | D:3      | Found a runed translucent gate.
  1514 | D:3      | Found a runed translucent gate.
  1516 | D:3      | Noticed diceflayer's ghost (weakling DsFi)
  1533 | D:3      | Noticed Jessica
  1539 | D:3      | Killed Jessica
  1540 | D:3      | Reached XP level 3. HP: 21/34 MP: 2/2
  1749 | D:3      | Found a white marble altar of Elyvilon.
  2070 | D:3      | Reached XP level 4. HP: 41/41 MP: 3/3
  2369 | D:3      | Noticed a gnoll sergeant
  2373 | D:3      | Found the +3 woodcutter's axe {vorpal}
  2379 | D:3      | Mangled by a gnoll sergeant

Illustrated notes

Levels and vault maps discovered:
D:1:      lightli_arrival_boilingwater, layout_basic, dk_noncrumbling_2
D:2:      layout_loops_cross, basic_altar
D:3:      layout_loops_cross, elyvilon_altar_1, gammafunk_ghost_necromancy,
          chequers_serial_rivers_large_b, pf_guarded_unrand_woodcutter,
          uniq_jessica

Skill      XL: |  1  2 |
---------------+-------+-----
Axes           | 3 4 |  4.9
Fighting       | 4 |  4.7
Armour         | |  3.6
Shields        | |  3.6

Action                   |  1- 3 |  4- 6 || total
-------------------------+-------+-------++-------
Melee: War axe           |    53 |    13 ||    66
       Headbutt          |     4 |     2 ||     6
  Use: Potion            |       |     1 ||     1
Armor: Plate armour      |    29 |     5 ||    34
Dodge: Dodged            |    15 |     4 ||    19
Block: Buckler           |    11 |     5 ||    16
